 Dungeon Crawl Stone Soup version 0.30-b1-2-g02819fbbbe (webtiles) character file.

Game seed: 6682454620003197436

818 Ashen the Ogre Mage (level 7, -6/68 HPs)
             Began as an Ogre Air Elementalist on Sept 10, 2023.
             Was an Initiate of Vehumet.
             Mangled by a steam dragon (8 damage)
             ... on level 6 of the Dungeon on Sept 15, 2023.
             The game lasted 00:17:05 (6586 turns).

Ashen the Ogre Mage (Ogre Air Elementalist)         Turns: 6586, Time: 00:17:05

Health: -6/68      AC:  3    Str: 13    XL:     7   Next: 94%
Magic:  2/13       EV: 10    Int: 18    God:    Vehumet [......]
Gold:   252        SH:  0    Dex:  9    Spells: 4/14 levels left

rFire   . . .        q - +0 giant spiked club
rCold   . . .        (shield currently unavailable)
rNeg    . . .        a - +0 robe
rPois   .            (helmet restricted)
rElec   .            (no cloak)
rCorr   .            (gloves unavailable)
SInv    .            (boots unavailable)
Will    .....        (no amulet)
Stlth   ++           (no ring)
HPRegen 0.31/turn    (no ring)
MPRegen 0.13/turn

%: no passive effects
@: no status effects
A: large, unfitting armour, tough skin 1, no potion heal 1
a: Renounce Religion


You were on level 6 of the Dungeon.
You worshipped Vehumet.
Vehumet was noncommittal.
You visited 2 branches of the dungeon, and saw 7 of its levels.

You collected 252 gold pieces.

Inventory:

Hand Weapons
 q - a +0 giant spiked club (weapon)
Armour
 a - a +0 robe (worn)
Jewellery
 b - a ring of magical power
 d - a +5 ring of evasion
 g - a +4 ring of protection
 v - an amulet of faith
Scrolls
 c - 2 scrolls of teleportation {unknown}
 e - 6 scrolls of identify
 f - 2 scrolls of fear {unknown}
 i - 2 scrolls of magic mapping {unknown}
 j - a scroll of silence {unknown}
 l - a scroll of blinking {unknown}
 m - 2 scrolls of poison {unknown}
 n - a scroll of enchant armour {unknown}
 p - a scroll of summoning {unknown}
 r - a scroll of noise {unknown}
 s - a scroll of acquirement {unknown}
 u - a scroll of enchant weapon {unknown}
Potions
 h - a potion of curing
 k - a potion of attraction {unknown}
 o - 3 potions of mutation
 t - a potion of brilliance {unknown}
 w - a potion of might {unknown}


   Skills:
 + Level 3.7 Fighting
 + Level 1.9 Maces & Flails
 + Level 3.5 Dodging
 - Level 3.0 Stealth
 + Level 4.4 Spellcasting
 + Level 3.1 Conjurations
 + Level 4.1 Air Magic


You had 4 spell levels left.
You knew the following spells:

 Your Spells              Type           Power      Damage    Failure   Level
a - Shock                 Conj/Air       68%        1d7       3%          1
b - Static Discharge      Conj/Air       34%        2-4/arc   4%          2
c - Swiftness             Air            18%        N/A       8%          3
d - Airstrike             Air            9%         2d(2-18)  26%         4

Your spell library contained the following spells:

 Spells                   Type           Power      Damage    Failure   Level
 Vhi's Electric Charge    Tloc/Air       22%        N/A       19%         3
 Ensorcelled Hibernation  Hex/Ice        6%         N/A       22%         2
 Portal Projectile        Hex/Tloc       6%         N/A       38%         3
 Spider Form              Tmut/Pois      3%         N/A       38%         3
 Tukima's Dance           Hex            3%         N/A       38%         3
 Anguish                  Hex/Necr       1%         N/A       80%         4
 Arcjolt                  Conj/Air       8%         1d18      65%         5
 Blade Hands              Tmut           1%         N/A       98%         5
 Plasma Beam              Fire/Air       5%         2x1d17    100%        6
 Malign Gateway           Summ/Tloc      1%         N/A       100%        7
 Summon Horrible Things   Summ           1%         N/A       100%        8


Dungeon Overview and Level Annotations

Branches:
Dungeon (6/15)             Temple (1/1) D:5

Altars:
Ashenzari
Dithmenos
Elyvilon
Fedhas
Hepliaklqana
Makhleb
Okawaru
Sif Muna
Trog
Uskayaw
Vehumet
Yredelemnul
Zin
The Shining One

Annotations:
D:3 1 runed translucent door, alexzegreat's ghost, amateur MiFi


Innate Abilities, Weirdness & Mutations

You are too large for most types of armour.
You have tough skin. (AC +1)
Potions are less effective at restoring your health.


Message History

The steam dragon hisses angrily.
Casting: Airstrike (dangerous; 26% risk of failure)
Confirm with . or Enter, or press ? or * to list all spells.
Aiming: Airstrike (dangerous; 26% risk of failure)
Press: ? - help, Dir - move target, f/p - steam dragon
Aim: a steam dragon (moderately wounded, empty space bonus: 2/8)
The air twists around and strikes the steam dragon.
The steam dragon is heavily wounded.
You barely miss the steam dragon. The steam dragon misses you.
The steam dragon claws you.
* * * LOW HITPOINT WARNING * * *
You puncture the steam dragon!
The steam dragon is moderately wounded.
The steam dragon barely misses you. The steam dragon closely misses you.
The steam dragon bites you.
* * * LOW HITPOINT WARNING * * *
The steam dragon completely misses you.
The steam dragon bites you but does no damage.
The steam dragon claws you.
* * * LOW HITPOINT WARNING * * *
The steam dragon closely misses you.
The steam dragon claws you but does no damage.
You barely miss the steam dragon.
The steam dragon is moderately wounded.
The steam dragon misses you.
The steam dragon claws you but does no damage.
The steam dragon bites you.
* * * LOW HITPOINT WARNING * * *
The steam dragon claws you but does no damage.
The steam dragon bites you.
* * * LOW HITPOINT WARNING * * *
The steam dragon claws you.
* * * LOW HITPOINT WARNING * * *
The steam dragon bites you.
* * * LOW HITPOINT WARNING * * *
The steam dragon claws you but does no damage.
You closely miss the steam dragon.
The steam dragon is moderately wounded.
The steam dragon bites you!
You die...

#..#
#..#
#)##
##.#
#.# #.#
))....#
#.#
..###.#
#.# #.#
#.# #.#
#.# #.#
#D# .#.
#@# # #
#D# #.#
#.. ###


You could see 2 steam dragons.

Vanquished Creatures
  A water moccasin (D:6)
  A black bear (D:5)
  An ogre (D:5)
  A bullfrog (D:6)
  2 orc priests (D:3)
  3 hounds
  3 iguanas (D:5)
  11 adders
  4 gnolls (D:2)
  2 worms
  7 dart slugs
  8 orcs
  7 endoplasms
  2 giant cockroaches
  9 goblins
  7 hobgoblins
  7 jackals
  4 quokkas
  6 ball pythons
  5 bats
  3 frilled lizards
  5 kobolds
  7 rats
106 creatures vanquished.

Notes
Turn   | Place    | Note
-------+----------+-------------------------------------------
     0 | D:1      | Ashen the Ogre Air Elementalist began the quest for the
                  | Orb.
     0 | D:1      | Reached XP level 1. HP: 16/16 MP: 3/3
    83 | D:1      | Reached skill level 1 in Conjurations
   281 | D:1      | Reached XP level 2. HP: 17/24 MP: 0/5
  1054 | D:1      | Reached XP level 3. HP: 18/31 MP: 0/7
  1631 | D:2      | Reached XP level 4. HP: 30/40 MP: 3/8
  1692 | D:2      | Reached skill level 1 in Fighting
  2631 | D:3      | Found a runed translucent door.
  2705 | D:3      | Noticed alexzegreat's ghost (amateur MiFi)
  2738 | D:3      | Learned a level 2 spell: Static Discharge
  2742 | D:3      | Learned a level 3 spell: Swiftness
  2784 | D:3      | Found a faded altar of an unknown god.
  2812 | D:3      | Reached XP level 5. HP: 3/48 MP: 1/9
  2812 | D:3      | Gained mutation: Potions are less effective at restoring
                  | your health. [potion of mutation]
  2812 | D:3      | HP: 2/48 [poisoned by an adder]
  3169 | D:3      | Learned a level 4 spell: Airstrike
  3598 | D:3      | Reached XP level 6. HP: 55/57 MP: 1/11
  4584 | D:4      | Found a shadowy altar of Dithmenos.
  4689 | D:5      | Entered Level 5 of the Dungeon
  5214 | D:5      | Reached XP level 7. HP: 58/66 MP: 6/12
  5276 | D:5      | Reached skill level 1 in Maces & Flails
  5559 | D:5      | Found a staircase to the Ecumenical Temple.
  5567 | Temple   | Entered the Ecumenical Temple
  5837 | Temple   | Became a worshipper of Vehumet
  6555 | D:6      | Noticed a steam dragon
  6580 | D:6      | Noticed a steam dragon
  6585 | D:6      | HP: 2/68 [steam dragon (5)]
  6586 | D:6      | Mangled by a steam dragon

Illustrated notes

Levels and vault maps discovered:
D:1:      amcnicky_arrival_feature_with_door, layout_basic
D:2:      layout_basic, due_unseen_surprise
D:3:      layout_loops_ring, nicolae_ecumenical_snake_handling,
          ebering_ghost_sewer_d
D:4:      layout_rooms, grunt_dithmenos_smoke_and_mirrors
D:5:      layout_loops_ring, minmay_temple_entry_ruins
D:6:      cheibrodos_helix_gallery, layout_loops_ring,
          chequers_ossuary_entry_cave
Temple:   oiseaux_autumnal_temple

Skill      XL: |  1  2  3  4  5  6  7 |
---------------+----------------------+-----
Conjurations   | 1 2 3 |  3.1
Dodging        | 2 3 |  3.5
Air Magic      | 3 4 |  4.1
Fighting       | 1 2 3 |  3.7
Stealth        | 2 3 |  3.0
Spellcasting   | 3 4 |  4.4
Maces & Flails | 1 |  1.9

Action                     |  1- 3 |  4- 6 |  7- 9 || total
---------------------------+-------+-------+-------++-------
  Melee: Unarmed           |    34 |       |       ||    34
         Great mace        |       |    29 |       ||    29
         Giant spiked club |       |     1 |     6 ||     7
   Cast: Shock             |    66 |   170 |    50 ||   286
         Airstrike         |       |       |     3 ||     3
    Use: Potion            |       |     5 |     2 ||     7
         Scroll            |       |     2 |       ||     2
   Stab: Sleeping          |       |       |     1 ||     1
 Armour: Robe              |    21 |    14 |     9 ||    44
  Dodge: Dodged            |    33 |    36 |    30 ||    99
